AoeStats
← HunterG

Fortress

509025054Analyzed
4v4 RM · 6d ago on Sep 25, 2026· 63m 31s· 8 players
Game mode
Random Map
Map size
Huge
Population
200
Speed
Normal
Resources
Standard
Victory
Conquest
Starting age
Dark Age
Ending age
Imperial Age
RankedLock teamsTeams togetherTeam positionsShared explorationLock speedFull tech treeHidden civsTurbo modeCheats
Victory
Defeat
🇲🇽 Franks · Mexico
1030
+14
🇲🇽 Magyars · Mexico
1008
+14
🇲🇽 Byzantines · Mexico
981
+16
🇲🇽 Lithuanians · Mexico
932
+17
🇨🇱 Maya · Chile
1019
-17
🇺🇸 Varangians · United States
968
-15
🇲🇽 Bengalis · Mexico
960
-15
🇺🇸 Ethiopians · United States
942
-14
Ozelote
7:50 Feudal Age
6:06 Loom
11:57 Double-Bit Axe
11:56 Horse Collar
16:35 Castle Age
14:33 Fletching
17:58 Bodkin Arrow
18:09 Scale Barding Armor
25:17 Wheelbarrow
24:27 Town Watch
25:21 Chain Barding Armor
25:03 Padded Archer Armor
26:30 Hand Cart
31:32 Caravan
31:45 Treadmill Crane
32:43 Bow Saw
37:15 Imperial Age
37:18 Heavy Plow
37:11 Gold Mining
37:11 Stone Mining
38:20 Conscription
38:32 Bracer
39:08 Plate Barding Armor
38:49 Leather Archer Armor
39:42 Chemistry
40:02 Parthian Tactics
41:26 Two-Man Saw
42:06 Ballistics
42:34 Town Patrol
42:40 Recurve Bow
44:25 Ring Archer Armor
46:43 Heavy Cavalry Archer
53:41 Pikeman
55:09 Masonry
59:38 Corvinian Army
59:51 Murder Holes
Garra_Jaguar
0:31 Loom
7:56 Feudal Age
9:14 Double-Bit Axe
10:46 Gold Mining
10:47 Stone Mining
12:23 Horse Collar
17:37 Castle Age
18:15 Scale Barding Armor
18:21 Forging
22:16 Chain Barding Armor
22:32 Iron Casting
26:08 Hill Forts
32:20 Imperial Age
30:35 Fletching
33:30 Elite Leitis
34:47 Plate Barding Armor
35:57 Bodkin Arrow
36:03 Padded Archer Armor
36:15 Murder Holes
37:21 Chemistry
38:29 Crossbowman
38:32 Elite Skirmisher
43:48 Bow Saw
47:10 Bracer
47:25 Leather Archer Armor
48:11 Scale Mail Armor
51:51 Tower Shields
58:00 Ring Archer Armor
58:34 Ballistics
HunterG
7:42 Feudal Age
8:42 Double-Bit Axe
10:09 Loom
12:24 Castle Age
11:54 Scale Barding Armor
13:27 Forging
14:45 Bow Saw
16:40 Loom
18:38 Chain Barding Armor
20:49 Wheelbarrow
21:25 Iron Casting
21:10 Husbandry
26:05 Hand Cart
26:24 Gold Mining
27:40 Town Watch
31:21 Imperial Age
32:03 Scale Mail Armor
32:42 Caravan
32:13 Cavalier
33:33 Plate Barding Armor
33:41 Chain Mail Armor
36:02 Blast Furnace
38:42 Gold Shaft Mining
37:54 Paladin
45:09 Conscription
44:50 Chivalry
48:19 Coinage
58:21 Elite Throwing Axeman
59:35 Plate Mail Armor
9miniUzzi
7:21 Feudal Age
11:47 Castle Age
10:19 Loom
10:20 Double-Bit Axe
13:05 Bow Saw
12:36 Horse Collar
21:06 Scale Barding Armor
21:40 Fortified Wall
22:59 Chain Barding Armor
25:00 Forging
28:20 Iron Casting
28:27 Wheelbarrow
34:42 Imperial Age
32:28 Hand Cart
32:42 Devotion
33:14 Heavy Plow
33:05 Gold Mining
33:06 Stone Mining
33:10 Fletching
33:21 Padded Archer Armor
34:47 Caravan
36:33 Two-Man Saw
36:04 Crop Rotation
36:14 Plate Barding Armor
36:02 Conscription
40:43 Elite Cataphract
48:37 Logistica
48:28 Greek Fire
49:05 Hoardings
51:50 Chemistry
51:11 Ballistics
50:47 Murder Holes
50:35 Treadmill Crane
58:12 Bodkin Arrow
58:32 Leather Archer Armor
58:18 Scale Mail Armor
59:05 Coinage
58:45 Guilds
60:21 Bracer
60:51 Ring Archer Armor
63:02 Husbandry
62:24 Light Cavalry
63:06 Squires
62:52 Arson
62:54 Gambesons
62:33 Elite Skirmisher
63:36 Chain Mail Armor
64:02 Gold Shaft Mining
64:03 Stone Shaft Mining
THR33B3AR
8:08 Feudal Age
12:30 Double-Bit Axe
13:12 Horse Collar
17:17 Castle Age
15:43 Padded Archer Armor
16:06 Fletching
16:11 Gold Mining
18:38 Bow Saw
18:37 Heavy Plow
20:15 Stone Mining
20:49 Crossbowman
23:35 Wheelbarrow
25:49 Forging
25:40 Scale Mail Armor
26:26 Squires
29:38 Chain Mail Armor
30:17 Hand Cart
32:25 Iron Casting
32:14 Arson
36:32 Imperial Age
37:21 Halberdier
43:25 Blast Furnace
42:55 Plate Mail Armor
57:27 Conscription
Tetetorres
2:26 Loom
6:48 Feudal Age
8:08 Wheelbarrow
9:33 Double-Bit Axe
12:28 Horse Collar
15:21 Castle Age
13:50 Gold Mining
15:48 Stone Mining
16:12 Forging
16:53 Heavy Plow
19:20 Pikeman
20:14 Scale Mail Armor
20:50 Iron Casting
23:13 Chain Mail Armor
27:55 Bow Saw
27:58 Scale Barding Armor
29:04 Town Watch
29:57 Hand Cart
30:14 Gambesons
30:29 Squires
30:15 Arson
33:17 Chain Barding Armor
36:29 Gold Shaft Mining
40:55 Imperial Age
38:59 Husbandry
39:10 Bloodlines
38:53 Fletching
39:03 Padded Archer Armor
39:26 Ballistics
39:36 Caravan
40:29 Paiks
41:23 Town Patrol
42:29 Conscription
42:47 Halberdier
45:23 Blast Furnace
49:42 Crop Rotation
49:20 Onager
50:38 Siege Elephant
MoistBush
7:04 Feudal Age
8:01 Double-Bit Axe
8:01 Horse Collar
9:12 Gold Mining
9:13 Stone Mining
13:57 Loom
19:04 Castle Age
18:38 Scale Barding Armor
18:44 Forging
20:22 Bow Saw
21:00 Stone Shaft Mining
21:28 Wheelbarrow
21:40 Caravan
23:28 Husbandry
24:05 Pikeman
26:19 Scale Mail Armor
27:22 Hand Cart
32:09 Chain Mail Armor
32:29 Iron Casting
32:15 Chain Barding Armor
36:21 Imperial Age
36:35 Halberdier
37:17 Elite Jarl
38:18 Conscription
41:09 Blast Furnace
40:46 Plate Barding Armor
45:03 Plate Mail Armor
44:00 Cavalier
50:55 Vendel Legacy
52:22 Bloodlines
k4tRE !
4:26 Loom
10:24 Feudal Age
11:58 Double-Bit Axe
15:09 Castle Age
13:42 Gold Mining
14:04 Fletching
15:58 Crossbowman
16:52 Forging
18:05 Bow Saw
19:59 Squires
21:43 Pikeman
26:59 Iron Casting
28:24 Wheelbarrow
29:57 Squires
32:23 Hand Cart
41:53 Imperial Age
39:38 Bodkin Arrow
42:19 Halberdier
44:36 Blast Furnace
46:42 Conscription
56:41 Arbalester
60:15 Thumb Ring
Connection lost

Rejoining the realm…

Still unreachable

The connection could not be restored.

Session expired

The server has moved on; the page needs a fresh start.